Map: Babylon LE

Players

Øbscuritas - Winner!

  • Race: Zerg Zerg
  • League: Diamond
  • Spawn Location: 11:00

Atreides

  • Race: Protoss Protoss
  • League: Diamond
  • Spawn Location: 5:00

VOD

Have the link to the VOD?

Description

Time

  • Played on: June 6, 2023, 1:52 p.m.
  • Length: 35:48
Show
View Real Time Build Order
Export as new Build Order

Øbscuritas Zerg - Winner!

Build Orders: Pool First, Lurkers 

Get SALT Encoding   

  12  0:02  Drone  
  13  0:08  Drone  
  14  0:17  Overlord  
  14  0:35  Drone x2  
  16  0:36  Drone  
  17  0:48  Drone  
  18  0:51  Extractor  
  18  0:55  Spawning Pool  
  16  0:57  Drone  
  17  1:12  Drone  
  18  1:21  Hatchery  
  17  1:31  Drone x2  
  19  1:41  Zergling x2  
  19  1:42  Queen  
  22  1:54  Metabolic Boost  
  22  2:03  Overlord  
  23  2:30  Roach Warren  
  23  2:31  Overlord, Drone  
  23  2:35  Hatchery  
  22  2:41  Drone  
  23  2:46  Zergling x2  
  24  2:54  Zergling x2  
  25  3:03  Zergling x2  
  26  3:19  Zergling x2  
  27  3:20  Hatchery  
  27  3:24  Queen  
  28  3:33  Zergling x4  
  28  3:34  Zergling x4  
  30  3:54  Roach x3  
  36  3:58  Spore Crawler  
  36  4:00  Drone x2  
  37  4:05  Drone  
  37  4:06  Drone x2  
  37  4:08  Extractor  
  39  4:14  Spore Crawler  
  38  4:18  Roach  
  38  4:19  Roach  
  38  4:22  Drone  
  43  4:35  Drone  
  43  4:38  Roach x2  
  48  4:45  Ravager  
  48  4:47  Ravager  
  48  4:50  Overlord x2  
  50  5:00  Overlord  
  50  5:10  Ravager  
  48  5:24  Lair, Drone x2  
  48  5:25  Drone  
  48  5:26  Drone x3  
  48  5:28  Drone  
  49  5:38  Ravager x2  
  51  5:46  Queen  
  53  5:54  Drone x2  
  55  5:59  Spore Crawler  
  54  6:05  Ravager x2  
  56  6:11  Roach x2  
  60  6:32  Drone  
  61  6:33  Overlord x2, Drone x5  
  61  6:34  Overlord  
  66  6:42  Overlord x2, Spore Crawler  
  65  6:47  Hydralisk Den, Spore Crawler  
  65  6:51  Queen  
  65  6:54  Drone x2  
  67  7:05  Extractor, Drone x3  
  67  7:06  Drone x2  
  67  7:07  Extractor  
  67  7:08  Drone  
  71  7:15  Overseer  
  71  7:32  Spore Crawler, Hydralisk  
  71  7:33  Hydralisk x4  
  71  7:34  Spore Crawler  
  79  7:49  Grooved Spines  
  79  7:53  Extractor  
  79  7:55  Extractor  
  77  8:04  Drone x3  
  80  8:09  Hatchery  
  79  8:13  Drone x2  
  79  8:14  Drone  
  79  8:15  Drone x3  
  84  8:20  Evolution Chamber  
  84  8:22  Evolution Chamber  
  84  8:23  Hydralisk  
  82  8:34  Drone x3  
  84  8:37  Drone x2  
  87  8:48  Drone  
  87  8:49  Queen x2, Drone  
  87  8:55  Zerg Missile Weapons Level 1  
  93  9:00  Drone  
  93  9:01  Muscular Augments  
  94  9:19  Hatchery  
  93  9:26  Drone x3  
  93  9:27  Drone x3  
  99  9:32  Drone x2  
  101  9:44  Lurker Den  
  100  9:46  Hatchery, Drone x2  
  100  9:47  Spore Crawler  
  100  9:49  Drone x2  
  100  9:52  Drone  
  103  10:00  Lair  
  103  10:02  Drone x3  
  106  10:20  Overlord x2  
  106  10:23  Pneumatized Carapace  
  106  10:30  Zerg Ground Armor Level 1  
  106  10:33  Hydralisk x2  
  106  10:34  Hydralisk  
  106  10:35  Overlord x3  
  112  10:46  Overlord  
  112  10:47  Overlord x2  
  112  10:48  Drone x5  
  112  10:49  Hydralisk x4  
  119  10:54  Lurker x3  
  119  10:55  Lurker  
  129  11:13  Burrow, Drone x3  
  129  11:14  Hydralisk  
  129  11:15  Hydralisk x4  
  142  11:22  Overseer x2  
  142  11:24  Infestation Pit  
  141  11:32  Spore Crawler, Drone x2  
  142  11:33  Spore Crawler  
  142  11:34  Hydralisk x3  
  147  11:43  Drone  
  147  11:46  Spore Crawler  
  147  11:57  Drone  
  147  11:58  Drone  
  147  11:59  Spore Crawler  
  147  12:00  Spore Crawler  
  147  12:08  Spore Crawler  
  146  12:09  Drone x5  
  146  12:12  Extractor  
  146  12:13  Pathogen Glands  
  146  12:14  Infestor, Extractor  
  146  12:15  Infestor x3  
  157  12:16  Zergling x2  
  157  12:17  Zergling x22  
  166  12:46  Hydralisk x3  
  166  12:47  Hydralisk x5  
  181  13:00  Overlord x4  
  181  13:10  Hatchery  
  180  13:18  Hydralisk x2  
  180  13:19  Hydralisk x5  
  180  13:22  Hatchery  
  179  13:39  Hydralisk x3  
  179  13:40  Hydralisk x7  
  177  14:28  Hydralisk x8  
  177  14:29  Hydralisk x8  
  194  14:38  Hydralisk x5  
  187  14:52  Hydralisk x2  
  181  14:53  Hydralisk x4  
  179  15:19  Zerg Missile Weapons Level 2, Zerg Ground Armor Level 2  
  179  15:26  Evolution Chamber  
  179  15:27  Overseer x2  
  178  15:33  Drone x6  
  178  15:34  Drone x2  
  178  15:35  Drone  
  187  15:36  Drone x3  
  187  15:42  Infestor x2  
  192  15:47  Hydralisk x2  
  198  15:54  Drone  
  199  16:05  Spore Crawler  
  199  16:06  Overseer  
  199  16:08  Zerg Melee Weapons Level 1  
  198  16:11  Spore Crawler  
  198  16:13  Spore Crawler  
  198  16:15  Spore Crawler  
  198  16:16  Spore Crawler  
  198  16:17  Spore Crawler  
  137  16:32  Extractor  
  137  16:33  Extractor  
  137  16:38  Hydralisk  
  137  16:39  Hydralisk x3  
  132  16:40  Infestor x4  
  132  16:41  Hydralisk x2  
  135  16:47  Spore Crawler x2  
  135  16:51  Spore Crawler  
  135  16:52  Spore Crawler  
  131  16:57  Spore Crawler x2, Hydralisk x3  
  131  16:58  Hydralisk x3  
  141  17:02  Spore Crawler x2  
  139  17:21  Hydralisk x9  
  157  17:36  Hydralisk x4  
  157  17:37  Hydralisk x2  
  169  18:04  Hydralisk x5  
  169  18:05  Hydralisk x2  
  183  18:10  Hydralisk x5  
  183  18:11  Spore Crawler  
  192  18:18  Spore Crawler  
  191  18:20  Spore Crawler  
  190  18:57  Hydralisk  
  190  18:58  Hydralisk x4  
  190  18:59  Overlord  
  190  19:00  Overlord  
  164  19:30  Hydralisk x4  
  164  19:31  Hydralisk x14  
  182  19:55  Hydralisk x5  
  182  19:56  Hydralisk x4  
  192  20:02  Hydralisk x2  
  170  20:31  Hydralisk  
  170  20:32  Hydralisk x12  
  146  20:49  Hydralisk x6  
  154  21:01  Hive  
  154  21:05  Extractor  
  154  21:06  Extractor  
  152  21:12  Hydralisk x3  
  152  21:15  Zergling x2  
  155  21:29  Hydralisk x3  
  129  22:13  Hydralisk  
  129  22:14  Hydralisk x9  
  119  22:19  Drone  
  116  22:33  Infestor x2  
  116  22:34  Infestor  
  122  22:49  Infestor x2  
  126  23:17  Spore Crawler  
  126  23:18  Spore Crawler x2  
  123  23:23  Drone x3  
  126  23:47  Hydralisk x4  
  134  23:48  Infestor x2  
  134  23:49  Infestor x3  
  134  23:51  Hydralisk x2  
  134  23:52  Hydralisk x2  
  134  23:53  Zerg Missile Weapons Level 3  
  134  23:54  Zerg Ground Armor Level 3  
  152  23:56  Queen  
  154  24:15  Spore Crawler  
  153  24:17  Spore Crawler x2  
  153  24:18  Spore Crawler  
  153  24:20  Spore Crawler  
  84  25:00  Hydralisk x10  
  84  25:01  Hydralisk x9  
  110  25:14  Hydralisk x5  
  120  25:46  Infestor x6  
  120  25:49  Hatchery  
  131  25:57  Hydralisk  
  131  25:58  Hydralisk x5  
  143  26:16  Hydralisk  
  143  26:17  Hydralisk x5  
  143  26:18  Hydralisk  
  157  26:27  Drone  
  157  26:28  Drone x3  
  161  26:48  Spore Crawler  
  161  26:49  Hydralisk x5  
  161  26:50  Spore Crawler x2  
  161  26:51  Infestor  
  161  26:52  Infestor  
  136  27:23  Hydralisk  
  136  27:24  Hydralisk x7  
  144  27:33  Hydralisk x3  
  134  27:47  Hydralisk x3  
  128  27:55  Hydralisk x2  
  128  27:56  Hydralisk  
  92  28:21  Hydralisk  
  92  28:22  Hydralisk x6  
  96  28:32  Hydralisk  
  96  28:33  Hydralisk x2  
  102  28:42  Extractor x2  
  102  28:48  Hydralisk x4  
  108  28:58  Hydralisk x3  
  112  29:04  Hydralisk  
  108  29:13  Hydralisk x3  
  108  29:16  Drone x4  
  118  29:32  Hatchery  
  118  29:34  Infestor x2  
  121  29:55  Drone x3  
  121  29:56  Drone x4  
  121  29:57  Drone x3, Hydralisk x3  
  137  30:16  Extractor  
  137  30:17  Extractor  
  135  30:31  Hydralisk x2  
  135  30:32  Hydralisk x6  
  135  30:33  Overlord x3  
  151  31:02  Hydralisk x5  
  151  31:03  Hydralisk x3  
  167  31:24  Hydralisk  
  167  31:25  Hydralisk x10  
  183  31:48  Hydralisk x8  
  199  32:02  Drone  
  132  33:01  Infestor x5, Hydralisk  
  132  33:02  Hydralisk x10  
  156  33:17  Hydralisk x4  
  164  33:34  Infestor  
  164  33:39  Drone x2  
  164  33:40  Drone x5  
  170  33:57  Spore Crawler  
  159  34:03  Hydralisk x3  
  159  34:04  Infestor x2  
  169  34:23  Spore Crawler  
  168  34:24  Spore Crawler x3  
  168  34:25  Spore Crawler, Drone x5  
  168  34:26  Spore Crawler x2, Drone  
  168  34:27  Spore Crawler x2, Hydralisk x6  
  168  34:29  Hydralisk  
  168  34:30  Infestor  
  182  34:59  Hydralisk x8  
  174  35:00  Hydralisk x2  
  188  35:30  Spore Crawler  
Show
View Real Time Build Order
Export as new Build Order

Atreides Protoss 

Build Orders: Carriers 

Get SALT Encoding   

  12  0:00  Probe  
  13  0:12  Probe  
  14  0:19  Pylon  
  14  0:24  Probe  
  15  0:37  Pylon, Probe  
  16  0:46  Assimilator  
  16  0:58  Probe  
  16  1:03  Forge  
  17  1:11  Gateway  
  17  1:13  Probe  
  18  1:21  Assimilator  
  18  1:25  Probe  
  19  1:29  Pylon  
  19  1:40  Probe  
  20  1:53  Photon Cannon  
  20  2:04  Probe  
  20  2:05  Photon Cannon  
  21  2:10  Photon Cannon  
  21  2:30  Probe (Chrono Boost)  
  22  2:38  Assimilator  
  22  2:41  Pylon  
  22  2:42  Probe (Chrono Boost)  
  22  2:43  Pylon  
  23  2:44  Cybernetics Core  
  23  2:47  Probe (Chrono Boost)  
  24  2:56  Probe  
  25  3:03  Photon Cannon  
  25  3:04  Photon Cannon  
  25  3:19  Photon Cannon  
  25  3:21  Pylon  
  25  3:47  Stargate, Stalker  
  25  3:54  Stargate  
  25  3:58  Probe  
  26  4:09  Pylon  
  26  4:10  Probe  
  27  4:22  Probe  
  28  4:34  Probe  
  28  4:35  Void Ray (Chrono Boost)  
  37  4:41  Void Ray (Chrono Boost)  
  37  4:46  Probe  
  38  5:23  Probe  
  39  5:46  Nexus  
  39  5:50  Pylon  
  39  5:56  Assimilator  
  47  5:58  Void Ray x2, Assimilator  
  47  6:10  Photon Cannon  
  47  6:13  Photon Cannon, Shield Battery  
  47  6:18  Pylon  
  47  6:22  Shield Battery  
  47  6:31  Probe  
  48  6:43  Probe (Chrono Boost)  
  49  6:55  Probe (Chrono Boost)  
  55  7:01  Probe (Chrono Boost)  
  55  7:03  Void Ray  
  55  7:05  Probe (Chrono Boost)  
  57  7:09  Probe (Chrono Boost)  
  57  7:12  Probe (Chrono Boost)  
  57  7:13  Probe (Chrono Boost)  
  59  7:21  Probe  
  68  7:51  Probe  
  68  7:52  Probe  
  68  7:56  Void Ray x2  
  70  8:02  Pylon  
  70  8:03  Probe  
  70  8:04  Probe  
  72  8:09  Pylon  
  72  8:12  Cybernetics Core  
  72  8:14  Robotics Facility  
  72  8:17  Pylon  
  72  8:20  Pylon  
  72  8:23  Pylon  
  72  8:27  Pylon  
  72  8:34  Fleet Beacon  
  72  8:53  Nexus  
  72  8:56  Pylon  
  72  9:00  Pylon  
  72  9:03  Assimilator  
  72  9:18  Photon Cannon  
  72  9:20  Photon Cannon  
  72  9:21  Shield Battery x2  
  72  9:25  Pylon  
  72  9:31  Photon Cannon  
  72  9:33  Shield Battery  
  72  9:34  Flux Vanes  
  72  9:37  Pylon  
  72  9:49  Protoss Air Weapons Level 1 (Chrono Boost)  
  72  9:50  Protoss Air Armor Level 1 (Chrono Boost)  
  72  9:51  Observer  
  73  10:08  Probe (Chrono Boost)  
  73  10:09  Probe (Chrono Boost)  
  73  10:10  Probe (Chrono Boost)  
  76  10:19  Probe x2 (Chrono Boost)  
  76  10:20  Observer, Probe (Chrono Boost)  
  80  10:24  Assimilator, Probe x3 (Chrono Boost)  
  83  10:32  Tempest  
  83  10:35  Probe x3  
  91  10:38  Stargate  
  91  10:42  Stargate  
  91  10:51  Probe x3  
  94  11:01  Observer  
  95  11:06  Tempest  
  100  11:12  Probe  
  100  11:18  Tempest  
  106  11:22  Tempest  
  111  11:28  Tempest (Chrono Boost)  
  118  11:57  Carrier (Chrono Boost)  
  124  12:08  Carrier x2 (Chrono Boost)  
  130  12:12  Carrier (Chrono Boost)  
  130  12:14  Observer  
  137  12:22  Protoss Air Weapons Level 2 (Chrono Boost)  
  137  12:33  Protoss Air Armor Level 2 (Chrono Boost)  
  135  12:52  Probe  
  142  13:01  Unknown  
  142  13:03  Carrier (Chrono Boost)  
  142  13:04  Probe  
  121  13:42  Carrier x2 (Chrono Boost)  
  139  13:52  Carrier (Chrono Boost)  
  139  13:57  Shield Battery  
  139  13:58  Shield Battery  
  139  14:00  Shield Battery  
  139  14:02  Pylon  
  138  14:08  Carrier  
  116  14:58  Tempest x2  
  116  14:59  Tempest  
  131  15:25  Tempest  
  136  15:50  Nexus  
  136  15:54  Photon Cannon  
  136  15:58  Photon Cannon  
  136  15:59  Pylon  
  136  16:01  Pylon  
  136  16:02  Carrier  
  142  16:05  Photon Cannon  
  142  16:07  Shield Battery  
  142  16:10  Pylon  
  142  16:17  Pylon, Carrier  
  148  16:19  Carrier  
  154  16:47  Carrier  
  160  17:08  Observer  
  161  17:14  Assimilator  
  161  17:42  Photon Cannon  
  161  17:44  Photon Cannon  
  161  17:45  Shield Battery  
  161  17:50  Observer  
  162  18:31  Tempest  
  162  18:32  Tempest  
  162  18:33  Tempest  
  176  18:34  Carrier  
  182  18:45  Nexus  
  182  18:46  Observer  
  183  18:53  Pylon  
  183  18:55  Pylon  
  183  19:30  Photon Cannon  
  183  19:34  Photon Cannon, Shield Battery  
  176  20:58  Assimilator  
  176  21:00  Assimilator  
  176  21:02  Observer  
  177  21:21  Photon Cannon  
  177  21:22  Photon Cannon  
  177  21:30  Photon Cannon  
  177  21:49  Pylon  
  177  21:53  Pylon  
  173  22:11  Observer  
  162  22:46  Pylon  
  162  22:47  Pylon  
  162  22:49  Pylon  
  162  23:05  Observer  
  163  23:14  Nexus  
  163  23:30  Assimilator  
  163  23:49  Pylon  
  163  23:52  Pylon  
  163  24:05  Pylon  
  163  24:08  Pylon  
  163  24:39  Shield Battery  
  163  24:40  Shield Battery  
  163  24:42  Shield Battery  
  163  24:45  Shield Battery  
  152  25:33  Photon Cannon  
  152  25:35  Photon Cannon  
  152  25:37  Photon Cannon  
  152  25:40  Photon Cannon  
  152  25:42  Pylon  
  152  26:01  Carrier  
  158  26:10  Carrier  
  164  26:28  Carrier  
  170  26:34  Carrier  
  176  26:41  Observer  
  176  26:59  Protoss Air Weapons Level 3 (Chrono Boost)  
  175  27:16  Carrier  
  93  28:50  Nexus  
  93  29:09  Carrier (Chrono Boost)  
  99  29:18  Carrier (Chrono Boost)  
  105  29:36  Photon Cannon  
  105  29:41  Shield Battery  
  105  29:43  Shield Battery  
  105  29:44  Shield Battery  
  105  29:55  Carrier (Chrono Boost)  
  111  30:11  Carrier (Chrono Boost)  
  117  30:21  Assimilator  
  117  30:24  Assimilator  
  117  30:42  Protoss Air Armor Level 3 (Chrono Boost), Pylon  
  117  30:43  Pylon  
  117  30:56  Observer  
  117  31:00  Carrier  
  123  31:10  Carrier  
  129  31:19  Shield Battery  
  129  31:25  Photon Cannon  
  129  31:59  Observer  
  130  32:43  Pylon  
  130  32:44  Pylon  
Tags
 
Composition
CarriersLurkers
Matchup
PvZ
Opening
Pool First
Spawn Locations
Cross Positions
Add a new tag
Caveats
  • Supply blocks, unpowered buildings, or Contaminate may cause inaccurate times.
  • Supply counts are checked every 10 seconds.